 Dungeon Crawl Stone Soup version 0.16.1-5-gaa23807 (webtiles) character file.

172 sugabear the Shield-Bearer (level 5, -1/33 HPs)
             Began as a Gargoyle Fighter on Mar 28, 2015.
             Splashed by a jelly's acid (13 damage)
             ... on level 3 of the Dungeon.
             The game lasted 00:02:28 (1977 turns).

sugabear the Shield-Bearer (Gargoyle Fighter)       Turns: 1977, Time: 00:02:28

Health: -1/33      AC: -3    Str: 20    XL:     5   Next: 53%
Magic:  5/5        EV:  8    Int:  9    God:
Gold:   119        SH:  9    Dex:  9    Spells: 0 memorised, 4 levels left

rFire  . . .     SeeInvis .     a - +0 war axe
rCold  . . .     Clarity  .     b - +0 scale mail
rNeg   + . .     SustAb   .     c - +0 shield
rPois  ∞         Gourm    .     (no helmet)
rElec  +         Spirit   .     (no cloak)
rCorr  .         Warding  .     (no gloves)
rMut   .         Stasis   .     (no boots)
MR     .....                    (no amulet)
Stlth  ..........               (no ring)
                                (no ring)

@: corroded equipment, not resistant to hostile enchantments, extremely
unstealthy
A: negative energy resistance 1, electricity resistance, unbreathing,
petrification resistance, rot immunity, AC +4
a: no special abilities


You were on level 3 of the Dungeon.
You were not hungry.

You visited 1 branch of the dungeon, and saw 3 of its levels.

You collected 119 gold pieces.

Inventory:

Hand weapons
 a - a +0 war axe (weapon)
Armour
 b - a +0 scale mail (worn)
 c - a +0 shield (worn)
Jewellery
 k - an uncursed ring of protection from cold {unknown}
Scrolls
 f - 5 scrolls of remove curse {unknown}
 g - a scroll of enchant weapon {unknown}
 i - 6 scrolls of identify {unknown}
 j - 4 scrolls of noise {unknown}
 m - a scroll of enchant armour {unknown}
 p - 2 scrolls of teleportation {unknown}
 r - a scroll of fog {unknown}
Potions
 e - 2 potions of might
 l - a potion of heal wounds {unknown}
 o - a potion of restore abilities {unknown}
 q - a potion of poison {unknown}
 s - a potion of brilliance {unknown}
Comestibles
 d - 6 bread rations
 h - 2 meat rations
 n - a beef jerky


   Skills:
 + Level 3.9 Fighting
 + Level 2.6 Axes
 + Level 4.2 Armour
 + Level 1.4 Dodging
 + Level 4.4 Shields


You had 4 spell levels left.
You didn't know any spells.

Dungeon Overview and Level Annotations

Branches:
Dungeon (3/15)

Altars:
Kikubaaqudgha
Okawaru


Innate Abilities, Weirdness & Mutations

You are resistant to torment.
You are immune to poison.
Your stone body is very resilient (AC +4).
You resist negative energy.
You are resistant to electric shocks.
You can survive without breathing.
You are immune to petrification.
You are immune to rotting.


Message History

You hit the jelly!
The jelly is moderately wounded.
You block the jelly's attack.
You hit the jelly. The acid corrodes your equipment!
The jelly is heavily wounded.
The jelly hits you but does no damage. You block the jelly's attack.
You hit the jelly but do no damage.
The jelly is heavily wounded.
The jelly hits you but does no damage.
You hit the jelly. The acid corrodes your equipment!
The jelly is heavily wounded.
The jelly closely misses you. The jelly hits you.
You are splashed with acid!
The acid burns!
You hit the jelly. The acid corrodes your equipment!
The jelly is severely wounded.
You block the jelly's attack.
You hit the jelly!
The jelly is almost dead.
The jelly hits you.
You are splashed with acid!
The acid burns!
You die...

### #.. #.# #.# #######
####.#####.######.....##
....)......##..J@......#
...)....##.##.###.###..#
.....(.....##. #.#...>#
..............# #.#.#.##
........##.### #.....#
........##.# ###.###
...........########.#
####.#####.......##.###
#)# #.......##...#


You could see a jelly.

Vanquished Creatures
  A jelly (D:3)
  Robin (D:3)
  5 adders
  A giant mite (D:3)
  A worm (D:2)
  2 giant geckos
  A ball python (D:2)
  6 bats
  A bat skeleton (D:3)
  12 goblins
  8 hobgoblins
  4 jackals (D:3)
  11 kobolds
  2 quokkas (D:3)
  2 giant newts (D:2)
  6 rats
64 creatures vanquished.

Notes
Turn   | Place    | Note
--------------------------------------------------------------
     0 | D:1      | sugabear, the Gargoyle Fighter, began the quest for the Orb.
     0 | D:1      | Reached XP level 1. HP: 14/14 MP: 1/1
   206 | D:1      | Reached XP level 2. HP: 12/19 MP: 2/2
   886 | D:2      | Reached XP level 3. HP: 23/23 MP: 3/3
   918 | D:2      | Found an iron altar of Okawaru.
  1223 | D:2      | Reached skill level 4 in Armour
  1273 | D:2      | Reached XP level 4. HP: 24/28 MP: 4/4
  1540 | D:3      | Noticed Robin
  1544 | D:3      | Reached skill level 1 in Dodging
  1566 | D:3      | Killed Robin
  1672 | D:3      | Found an ancient bone altar of Kikubaaqudgha.
  1728 | D:3      | Reached XP level 5. HP: 29/33 MP: 5/5
  1977 | D:3      | Splashed by a jelly's acid

Action                   |  1- 3 |  4- 6 || total
-------------------------+-------+-------++-------
Melee: War axe           |   108 |   115 ||   223
  Eat: Chunk             |       |     4 ||     4
